Map: King's Cove LE

Players

Maxilicious

  • Race: Terran Terran
  • Spawn Location: 11:00

A.I. 1 (Very Easy) - Winner!

  • Race: Protoss Protoss
  • Spawn Location: 5:00

VOD

Have the link to the VOD?

Description

Time

  • Played on: March 18, 2019, 8:38 a.m.
  • Length: 5:33
Show
View Real Time Build Order
Export as new Build Order

Maxilicious Terran 

Build Orders: Reaper Expand 

Get SALT Encoding   

  12  0:00  SCV  
  13  0:12  SCV  
  14  0:18  Supply Depot  
  14  0:25  SCV  
  15  0:39  SCV  
  15  0:41  Barracks  
  16  0:47  Refinery  
  16  0:52  SCV  
  17  1:04  SCV  
  18  1:16  SCV  
  19  1:28  Orbital Command  
  19  1:31  Reaper  
  20  1:48  Command Center  
  20  1:54  SCV  
  21  1:59  Supply Depot  
  21  2:02  Marine  
  22  2:13  Factory  
  22  2:16  SCV  
  23  2:24  Barracks  
  23  2:28  Barracks Reactor  
  23  2:31  SCV  
  24  2:38  Refinery  
  24  2:43  SCV  
  25  2:55  SCV  
  25  2:56  Factory Tech Lab  
  26  3:01  Orbital Command  
  26  3:06  Marine x2  
  26  3:09  SCV  
  26  3:12  Barracks Tech Lab  
  29  3:16  Siege Tank  
  32  3:21  SCV  
  32  3:23  Marine  
  32  3:24  Marine  
  35  3:27  SCV  
  35  3:32  Supply Depot  
  35  3:33  Marine  
  37  3:35  Combat Shield  
  37  3:38  SCV  
  38  3:45  Marine x2  
  40  3:51  Marine  
  40  3:53  SCV x2  
  43  3:57  Siege Tank  
  46  4:03  Engineering Bay  
  46  4:10  Barracks, Marine x3  
  46  4:13  SCV x2  
  51  4:19  Supply Depot  
  51  4:22  Refinery  
  51  4:29  Siege Tank  
  54  4:40  Marine x3  
  54  4:41  Supply Depot, SCV  
  54  4:44  Supply Depot  
  58  4:57  SCV x2  
  60  5:11  Factory Reactor  
  60  5:16  Starport  
  60  5:25  Supply Depot  
Show
View Real Time Build Order
Export as new Build Order

A.I. 1 (Very Easy) Protoss - Winner!

Build Orders:  

Get SALT Encoding   

  12  0:00  Probe  
  13  0:13  Probe  
  14  0:21  Pylon  
  14  0:38  Assimilator  
  14  0:44  Gateway  
  14  0:47  Pylon  
  14  1:16  Assimilator  
  14  1:19  Probe  
  15  1:27  Probe  
  16  1:34  Cybernetics Core  
  16  1:35  Probe  
  17  1:46  Probe  
  18  1:56  Probe  
  18  2:00  Warp Gate  
  19  2:04  Probe  
  20  2:13  Stalker  
  22  4:48  Probe  
Tags
 
Add a new tag
Caveats
  • Supply blocks, unpowered buildings, or Contaminate may cause inaccurate times.
  • Supply counts are checked every 10 seconds.